Map: Ever Dream LE

Players

Silky

  • Race: Zerg Zerg
  • Spawn Location: 7:00

Nina - Winner!

  • Race: Protoss Protoss
  • League: Grandmaster
  • Spawn Location: 1:00

Event: The Miserable Cup

VOD

Have the link to the VOD?

Description

Time

  • Played on: June 21, 2020, 5:50 p.m.
  • Length: 19:16

All games in this series

Show
View Real Time Build Order
Export as new Build Order

Silky Zerg 

Build Orders: Hatch First 

Get SALT Encoding   

  12  0:00  Drone  
  13  0:12  Overlord  
  13  0:16  Drone  
  14  0:30  Drone x2  
  16  0:47  Hatchery  
  15  0:51  Drone  
  15  0:54  Drone  
  17  0:57  Drone  
  18  1:07  Extractor  
  17  1:12  Spawning Pool  
  17  1:16  Drone  
  17  1:19  Drone  
  18  1:28  Drone  
  19  1:39  Drone  
  20  1:50  Overlord  
  20  2:00  Zergling x2, Queen x2  
  20  2:01  Zergling x2  
  26  2:11  Drone x2  
  26  2:12  Metabolic Boost  
  28  2:22  Drone x2  
  30  2:36  Drone x2  
  32  2:46  Queen  
  32  2:49  Hatchery  
  33  2:51  Overlord  
  33  2:56  Drone x2  
  33  2:58  Drone  
  36  3:04  Overlord  
  36  3:10  Drone x2  
  36  3:11  Drone x2  
  40  3:14  Drone  
  41  3:23  Queen  
  41  3:25  Drone x3  
  46  3:28  Drone  
  47  3:35  Drone  
  47  3:39  Spore Crawler  
  47  3:40  Overlord x2  
  47  3:42  Drone x2  
  47  3:44  Drone  
  50  3:49  Zergling x2  
  50  3:54  Evolution Chamber  
  50  3:59  Zergling x4  
  50  4:00  Queen  
  50  4:02  Drone x3  
  57  4:04  Spore Crawler  
  57  4:05  Drone  
  57  4:10  Drone  
  57  4:14  Drone  
  57  4:15  Baneling Nest  
  58  4:17  Queen  
  58  4:21  Zerg Melee Weapons Level 1  
  61  4:24  Drone, Spore Crawler  
  61  4:25  Zergling x2  
  61  4:31  Drone x4  
  65  4:33  Drone  
  65  4:36  Overlord  
  64  4:48  Overlord  
  64  4:52  Drone x3  
  66  4:53  Overlord  
  66  4:55  Lair  
  66  4:56  Zergling x2  
  66  4:57  Zergling x8  
  66  4:58  Drone  
  72  5:02  Drone x2  
  72  5:04  Overlord  
  72  5:05  Extractor  
  72  5:06  Extractor  
  70  5:07  Drone  
  70  5:12  Zergling x8  
  70  5:13  Zergling x2  
  75  5:16  Extractor  
  75  5:17  Drone x2  
  75  5:20  Drone x2  
  77  5:21  Drone x2  
  77  5:24  Drone x2  
  81  5:33  Roach Warren, Drone x3  
  83  5:42  Drone, Extractor  
  83  5:43  Extractor  
  83  5:44  Drone x2  
  84  5:50  Hatchery, Drone  
  84  5:51  Overlord  
  84  5:52  Drone x4  
  84  5:54  Centrifical Hooks  
  88  6:02  Overlord  
  87  6:10  Drone x2  
  87  6:11  Drone  
  88  6:12  Glial Reconstitution  
  88  6:17  Zerg Melee Weapons Level 2  
  88  6:18  Drone x2  
  88  6:22  Drone  
  88  6:23  Roach x5  
  99  6:26  Roach x2  
  99  6:29  Roach x2  
  107  6:33  Roach x2  
  107  6:36  Drone  
  112  6:41  Overlord  
  112  6:43  Overlord  
  112  6:47  Overlord  
  112  6:49  Overlord  
  112  6:52  Drone x2  
  114  6:59  Drone x3  
  114  7:00  Drone x6  
  121  7:02  Overseer  
  121  7:04  Pneumatized Carapace  
  121  7:05  Drone  
  121  7:09  Ravager x5, Spore Crawler  
  121  7:10  Ravager x3  
  121  7:11  Zergling x4, Roach  
  131  7:16  Drone  
  131  7:22  Drone  
  133  7:24  Zergling x4  
  133  7:25  Zergling x2  
  133  7:27  Queen  
  138  7:33  Zergling x6  
  138  7:34  Hatchery, Zergling x10  
  145  7:39  Drone x2  
  145  7:40  Zergling x6  
  145  7:43  Spore Crawler  
  145  7:44  Spore Crawler  
  148  7:45  Zergling x2  
  148  7:50  Hatchery  
  149  7:51  Zergling x2  
  149  7:52  Zergling x4  
  149  7:57  Overlord  
  152  7:59  Overlord x2  
  152  8:00  Overseer  
  152  8:04  Infestation Pit  
  152  8:05  Overlord  
  151  8:06  Baneling  
  151  8:07  Baneling x24  
  151  8:08  Overlord  
  151  8:11  Overlord  
  151  8:12  Overlord  
  151  8:16  Drone x2  
  151  8:17  Roach x2  
  151  8:18  Roach x2  
  151  8:19  Zergling x4  
  163  8:21  Queen  
  165  8:31  Zergling x14  
  165  8:32  Zergling x4  
  174  8:35  Zerg Missile Weapons Level 1  
  174  8:40  Zergling x16  
  182  8:43  Hive  
  182  8:49  Zergling x4  
  182  8:53  Ravager  
  185  8:55  Baneling  
  185  8:56  Baneling x19  
  185  9:00  Drone x3, Unknown  
  185  9:02  Zergling x4  
  189  9:03  Zergling x4  
  189  9:08  Spine Crawler  
  191  9:10  Spine Crawler  
  181  9:19  Zergling x6  
  181  9:20  Zergling x16  
  176  9:25  Zergling x8  
  164  9:31  Zergling x2, Roach  
  164  9:36  Zergling x8  
  164  9:37  Zergling x10, Roach x2  
  166  9:43  Roach  
  157  9:48  Baneling  
  157  9:49  Baneling x27, Zergling x4  
  157  9:50  Zergling x6  
  153  9:56  Zergling x2, Roach x2  
  153  9:57  Ravager x4  
  162  10:03  Zergling x4  
  162  10:06  Spine Crawler, Drone x2  
  165  10:08  Adrenal Glands  
  165  10:13  Zergling x14  
  172  10:14  Zergling x2  
  172  10:18  Baneling  
  172  10:19  Baneling x9  
  173  10:22  Zergling x6  
  173  10:23  Zergling x2  
  163  10:30  Zergling x14  
  163  10:31  Hatchery  
  146  10:37  Roach x2  
  146  10:42  Zergling x2  
  141  10:43  Zergling x10  
  141  10:46  Zerg Melee Weapons Level 3  
  141  10:47  Zergling x2, Roach  
  149  10:52  Roach  
  149  10:53  Roach x2  
  149  10:54  Baneling x18  
  155  10:58  Zergling x4  
  158  11:04  Zergling x6  
  158  11:11  Zergling x8  
  162  11:15  Baneling x17  
  164  11:22  Roach x4  
  164  11:23  Roach x4  
  180  11:32  Zergling x4, Roach x3  
  188  11:38  Ravager x2  
  190  11:43  Overlord  
  190  11:44  Overlord  
  190  11:49  Ultralisk Cavern  
  190  11:52  Ravager  
  190  11:53  Ravager x2  
  190  11:59  Zergling x12  
  194  12:09  Zergling x2  
  194  12:10  Zergling x10  
  195  12:24  Zergling x2  
  195  12:25  Zergling x18  
  199  12:40  Viper x2  
  199  12:43  Ravager x3  
  199  12:44  Ravager  
  199  12:49  Hatchery  
  198  12:54  Zergling x2  
  176  13:16  Zergling x36  
  176  13:18  Chitinous Plating  
  176  13:19  Overlord x4  
  197  13:25  Zerg Ground Armor Level 1  
  190  13:31  Ultralisk x2  
  191  13:40  Ultralisk x2  
  197  13:43  Overseer  
  197  13:46  Drone x4, Spore Crawler  
  198  13:51  Spore Crawler  
  198  13:52  Spine Crawler  
  198  13:54  Spine Crawler  
  193  13:56  Ultralisk  
  193  13:57  Zergling x2  
  193  14:00  Spine Crawler  
  199  14:03  Baneling x13  
  199  14:04  Baneling x4  
  199  14:13  Zergling x2  
  200  14:20  Overlord x3  
  200  14:24  Baneling x2  
  200  14:25  Baneling x8  
  200  14:29  Burrow  
  199  14:33  Drone  
  199  14:37  Anabolic Synthesis  
  191  14:50  Ultralisk, Zergling x20  
  191  14:51  Zergling x6  
  195  15:01  Spire  
  195  15:05  Zergling x10  
  199  15:22  Zerg Ground Armor Level 2  
  199  15:29  Baneling  
  199  15:30  Baneling x15  
  193  15:42  Ultralisk, Zergling x56  
  188  15:58  Zergling x2  
  188  15:59  Zergling x20  
  199  16:05  Baneling x2  
  199  16:11  Baneling x10  
  199  16:14  Queen x6  
  186  16:33  Zergling x30  
  184  16:55  Ultralisk x2  
  195  17:11  Baneling x21  
  195  17:16  Overseer x2  
  195  17:17  Drone x3  
  195  17:18  Greater Spire  
  194  17:27  Zergling x14  
  199  17:32  Hatchery  
  179  18:01  Ultralisk x3  
  179  18:02  Baneling x6  
  179  18:04  Baneling x4  
  197  18:08  Drone x3  
  200  18:19  Hatchery  
  171  18:22  Ultralisk, Zergling x2  
  171  18:23  Zergling x24  
  159  18:29  Baneling x3  
  159  18:30  Baneling  
  159  18:31  Ultralisk  
  165  18:34  Zergling x2  
  165  18:35  Zergling x12  
  165  18:40  Baneling x2  
  163  18:41  Overlord  
  163  18:44  Overlord  
  163  18:47  Zergling x8  
  158  18:54  Overlord  
  156  19:07  Extractor  
  156  19:08  Extractor  
Show
View Real Time Build Order
Export as new Build Order

Nina Protoss - Winner!

Build Orders: 1 Gate Expand, Phoenix Opening 

Get SALT Encoding   

  12  0:00  Probe  
  13  0:12  Probe  
  14  0:18  Pylon  
  14  0:24  Probe  
  15  0:34  Probe  
  15  0:39  Gateway  
  15  0:42  Probe  
  17  0:51  Assimilator, Probe  
  18  1:03  Probe  
  19  1:15  Probe  
  20  1:25  Nexus  
  20  1:34  Cybernetics Core  
  20  1:36  Probe  
  21  1:46  Assimilator  
  21  1:48  Probe  
  22  1:55  Pylon  
  22  2:01  Probe  
  23  2:03  Adept  
  23  2:13  Probe  
  26  2:23  Stargate  
  26  2:25  Probe, Adept  
  27  2:31  Pylon  
  29  2:37  Probe  
  29  2:39  Probe  
  30  2:49  Probe  
  30  2:50  Warp Gate  
  31  2:51  Probe  
  31  2:57  Gateway  
  32  3:01  Phoenix, Probe  
  32  3:04  Probe  
  36  3:13  Probe  
  36  3:15  Probe  
  38  3:23  Probe  
  38  3:25  Probe  
  38  3:26  Phoenix  
  39  3:31  Probe  
  42  3:37  Pylon, Probe  
  44  3:42  Probe  
  44  3:47  Phoenix, Assimilator  
  45  3:50  Probe  
  45  3:55  Probe  
  49  3:58  Assimilator  
  49  4:00  Adept  
  49  4:02  Probe  
  52  4:07  Pylon, Probe  
  53  4:14  Robotics Facility, Probe  
  53  4:16  Oracle  
  54  4:21  Pylon  
  54  4:25  Probe  
  54  4:26  Probe  
  59  4:37  Probe  
  60  4:48  Adept x2  
  60  4:51  Probe  
  61  4:54  Oracle  
  64  5:08  Immortal  
  64  5:09  Nexus, Probe  
  69  5:15  Pylon  
  69  5:19  Pylon  
  69  5:20  Probe  
  70  5:22  Robotics Bay  
  70  5:23  Twilight Council  
  70  5:25  Pylon  
  70  5:27  Forge  
  70  5:33  Probe  
  71  5:36  Adept x2  
  71  5:39  Immortal  
  71  5:41  Shield Battery  
  79  5:51  Gateway  
  79  5:52  Probe  
  79  5:53  Probe  
  79  5:56  Sentry x2  
  85  6:10  Probe, Gateway  
  86  6:11  Gateway  
  86  6:13  Probe, Colossus  
  87  6:22  Probe  
  94  6:26  Probe  
  94  6:30  Probe  
  94  6:32  Pylon  
  96  6:34  Protoss Ground Weapons Level 1  
  96  6:35  Probe  
  96  6:36  Sentry x2  
  96  6:38  Probe  
  102  6:42  Probe  
  102  6:44  Forge  
  102  6:47  Assimilator, Probe  
  104  6:49  Assimilator  
  104  6:50  Probe  
  105  6:54  Probe  
  105  6:58  Colossus  
  105  6:59  Probe  
  107  7:02  Probe, Gateway  
  107  7:06  Probe  
  109  7:11  Probe  
  109  7:14  Probe  
  117  7:18  Pylon  
  117  7:20  Pylon  
  117  7:24  Gateway  
  117  7:26  Gateway  
  117  7:28  Gateway  
  117  7:35  Blink  
  117  7:36  Probe  
  118  7:46  Probe x2  
  118  7:48  Sentry x4  
  118  7:49  Warp Prism  
  128  7:53  Nexus  
  128  7:54  Pylon  
  128  7:55  Probe  
  128  7:57  Pylon  
  131  8:05  Probe  
  131  8:07  Probe  
  131  8:09  Templar Archives  
  131  8:11  Photon Cannon  
  131  8:12  Probe  
  134  8:13  Photon Cannon  
  134  8:18  Probe  
  135  8:20  Shield Battery  
  135  8:23  Stalker x4  
  135  8:26  Observer  
  144  8:32  Shield Battery  
  144  8:35  Psionic Storm, Probe  
  144  8:40  Unknown  
  146  8:44  Photon Cannon  
  146  8:46  High Templar  
  146  8:47  Observer, Photon Cannon  
  148  8:58  Pylon  
  148  9:00  Pylon  
  148  9:01  Pylon  
  148  9:03  Pylon  
  148  9:06  High Templar x2  
  145  9:21  Probe  
  119  9:26  Charge  
  119  9:28  Stalker x3  
  103  9:46  High Templar x2, Probe x2, Immortal  
  103  9:47  High Templar x3  
  103  9:52  Probe x2  
  117  9:54  Protoss Ground Weapons Level 2  
  117  9:55  Pylon  
  117  9:57  Pylon  
  117  9:58  Probe  
  122  10:02  Probe  
  122  10:04  Gateway  
  122  10:06  Probe  
  124  10:07  Gateway  
  124  10:08  Probe  
  124  10:10  Probe, Gateway  
  124  10:14  Probe  
  127  10:15  Shield Battery  
  127  10:16  Photon Cannon  
  127  10:17  High Templar  
  127  10:18  High Templar, Photon Cannon  
  127  10:20  Photon Cannon  
  131  10:24  Archon  
  131  10:27  Shield Battery  
  131  10:32  Zealot x5  
  119  10:36  Colossus  
  119  10:39  Stalker x2  
  129  10:45  Probe  
  129  10:48  Probe  
  131  10:51  Observer  
  131  10:52  High Templar x3  
  137  11:01  Probe  
  137  11:03  High Templar  
  140  11:05  High Templar  
  140  11:08  Photon Cannon  
  140  11:09  Archon  
  142  11:17  Nexus  
  142  11:28  High Templar x2, Zealot  
  142  11:29  Zealot x7  
  142  11:32  Archon  
  160  11:39  High Templar x2  
  164  11:43  Protoss Shields Level 1  
  164  11:45  Archon  
  164  11:57  Warp Prism  
  164  11:58  Zealot x3  
  164  11:59  Photon Cannon  
  169  12:01  Photon Cannon  
  169  12:04  High Templar x2  
  169  12:06  Zealot x3  
  181  12:10  Extended Thermal Lance  
  181  12:20  Stalker x4  
  167  12:30  Pylon  
  167  12:34  High Templar x2  
  171  12:46  Zealot x3  
  175  13:10  High Templar x4  
  171  13:16  Archon  
  167  13:25  Stalker x4  
  169  13:32  Stalker  
  169  13:33  Stalker x3  
  175  13:35  Nexus  
  175  13:37  Pylon  
  175  13:38  Archon  
  175  13:39  Pylon  
  173  13:44  Protoss Ground Weapons Level 3, Observer  
  173  13:47  High Templar x2  
  178  13:58  Shield Battery  
  178  14:00  Photon Cannon  
  178  14:02  Photon Cannon  
  178  14:04  Fleet Beacon, Photon Cannon  
  178  14:05  Photon Cannon  
  178  14:06  Stargate  
  178  14:07  Photon Cannon  
  178  14:08  Zealot  
  180  14:10  Stargate  
  180  14:18  Zealot x6  
  192  14:24  Pylon  
  192  14:26  Pylon  
  192  14:27  Pylon  
  192  14:28  Assimilator  
  189  14:33  Assimilator  
  189  14:43  Nexus  
  187  14:46  Pylon, Immortal  
  175  14:54  Stalker x8  
  175  14:55  Stalker  
  191  15:05  High Templar x2  
  195  15:23  Robotics Facility  
  195  15:27  Immortal  
  165  15:54  Pylon  
  165  16:00  Gravitic Drive  
  165  16:02  Zealot x2  
  169  16:06  Immortal  
  169  16:07  Pylon, Zealot  
  169  16:08  Zealot x6  
  169  16:09  Photon Cannon  
  169  16:10  Shield Battery  
  187  16:13  Immortal  
  187  16:15  High Templar  
  187  16:16  High Templar  
  187  16:33  Zealot x6  
  181  16:56  Immortal  
  181  16:59  Immortal  
  181  17:04  High Templar x8  
  181  17:05  High Templar  
  193  17:09  Archon x4  
  193  17:13  High Templar  
  195  17:19  Zealot x2  
  193  17:37  High Templar x2  
  193  17:39  Photon Cannon  
  193  17:41  Photon Cannon  
  193  17:42  Shield Battery  
  174  17:58  Probe x2  
  174  18:01  Probe x2  
  176  18:10  Probe  
  149  18:28  Zealot x3  
  149  18:32  Stalker x9  
  167  18:50  Zealot x3  
  173  18:58  Probe  
  173  18:59  Zealot x8  
Tags
 
Add a new tag
Caveats
  • Supply blocks, unpowered buildings, or Contaminate may cause inaccurate times.
  • Supply counts are checked every 10 seconds.